 Dungeon Crawl Stone Soup version 0.25-a0-566-g062765be81 (webtiles) character file.

Game seed: 1946781120288615780, levelgen mode: deterministic

118 kae the Sneak (level 4, -2/30 HPs)
             Began as a Vampire Enchanter on Feb 28, 2020.
             Was an Initiate of Dithmenos.
             Slain by Grinder (8 damage)
             ... on level 3 of the Dungeon.
             The game lasted 00:02:12 (2302 turns).

kae the Sneak (Vampire Enchanter)                   Turns: 2302, Time: 00:02:12

Health: -2/30      AC:  2    Str:  7    XL:     4   Next: 72%
Magic:  4/7        EV: 12    Int: 18    God:    Dithmenos [......]
Gold:   115        SH:  0    Dex: 14    Spells: 2/8 levels left

rFire    . . .     SeeInvis +   f - +0 dagger (venom)
rCold    . . .     Gourm    .   (no shield)
rNeg     . . .     Faith    .   b - +0 robe
rPois    .         Spirit   .   (no helmet)
rElec    .         Reflect  .   j - scarf {repulsion}
rCorr    .         Harm     .   (no gloves)
MR       .....                  (no boots)
Stlth    +++.......             (no amulet)
HPRegen  0.30/turn              (no ring)
MPRegen  0.10/turn              (no ring)

@: regenerating quickly, repel missiles
A: no food, fangs 3, see invisible, unbreathing
a: Exsanguinate, Renounce Religion


You were on level 3 of the Dungeon.
You worshipped Dithmenos.
Dithmenos was noncommittal.
You were alive.

You visited 1 branch of the dungeon, and saw 3 of its levels.

You collected 115 gold pieces.

Inventory:

Hand Weapons
 a - a +1 dagger
 f - a +0 dagger of venom (weapon)
Armour
 b - a +0 robe (worn)
 j - a scarf of repulsion (worn)
Jewellery
 l - a cursed ring of wizardry {unknown}
Scrolls
 d - a scroll of fear
 i - 2 scrolls of teleportation
 k - a scroll of identify
Potions
 c - a potion of heal wounds {unknown}
 e - 2 potions of curing
 g - a potion of mutation
 h - a potion of lignification


   Skills:
 * Level 3.2 Short Blades
 - Level 2.1 Dodging
 + Level 5.5 Stealth
 + Level 2.6 Spellcasting
 + Level 5.3 Hexes


You had 2 spell levels left.
You knew the following spells:

 Your Spells              Type           Power        Failure   Level  Hunger
a - Corona                Hex            ###....      1%          1    N/A
b - Ensorcelled Hibernat  Hex/Ice        ##....       9%          2    N/A
c - Confusing Touch       Hex            ###.....     5%          3    N/A

Your spell library contained the following spells:

 Spells                   Type           Power        Failure   Level  Hunger
 Tukima's Dance           Hex            ###.....     5%          3    N/A
 Dazzling Flash           Conj/Hex       ##....       17%         3    N/A

Dungeon Overview and Level Annotations

Branches:
Dungeon (3/15)

Altars:
Dithmenos

Annotations:
D:3 Grinder


Innate Abilities, Weirdness & Mutations

You do not eat.
Your natural rate of healing is unusually fast.
You have razor-sharp teeth.
You have supernaturally acute eyesight. (SInv)
You can survive without breathing.


Message History

Grinder says, "DUCK!"
You see here a scroll of identify.
Grinder is nearby!
Grinder is nearby!
Casting: Ensorcelled Hibernation (safe; 9% risk of failure)
Confirm with . or Enter, or press ? or * to list all spells.
Your hands begin to glow red.
Grinder gestures at you.
You barely resist. You hit Grinder but do no damage.
You hit Grinder but do no damage. Grinder hits you.
You writhe in agony.
You hit Grinder but do no damage. Grinder hits you.
You writhe in agony.
You hit Grinder but do no damage.
Grinder appears confused.
Grinder hits you.
* * * LOW HITPOINT WARNING * * *
You writhe in agony.
* * * LOW HITPOINT WARNING * * *
You barely miss Grinder.
A hobgoblin comes into view.
Grinder hits you!
You die...

#.#####..........###
#.#.##).......
#.......##.###
#.#.######.#
#########.#.# #.###
.........#.# ..... #
#.#####....## #.###
#.#.#.......[.# ...
###.....@##.....#
...
#.......#5##5#......
.
#.#....###.#.##.###.
# #.#.# #..# .# # ##
5#.# .# .##g# .# #.#
.. ..# ## #..


You could see Grinder (confused) and a hobgoblin (wandering).

Vanquished Creatures
  6 adders
  A worm (D:2)
  2 dart slugs
  An orc (D:3)
  A ball python (D:2)
  7 bats
  5 giant cockroaches
  9 goblins
  5 hobgoblins
  2 jackals (D:1)
  4 frilled lizards (D:2)
  5 kobolds
  7 rats
55 creatures vanquished.

Notes
Turn   | Place    | Note
-------+----------+-------------------------------------------
     0 | D:1      | kae the Vampire Enchanter began the quest for the Orb.
     0 | D:1      | Reached XP level 1. HP: 13/13 MP: 3/3
   126 | D:1      | Reached XP level 2. HP: 5/19 MP: 1/5
   182 | D:1      | Learned a level 2 spell: Ensorcelled Hibernation
  1080 | D:2      | Reached XP level 3. HP: 24/24 MP: 6/6
  1201 | D:2      | Reached skill level 5 in Stealth
  1302 | D:2      | Reached skill level 5 in Hexes
  1546 | D:2      | Reached XP level 4. HP: 25/30 MP: 7/7
  1726 | D:2      | Learned a level 3 spell: Confusing Touch
  2121 | D:3      | Found a shadowy altar of Dithmenos.
  2158 | D:3      | Became a worshipper of Dithmenos the Shadowed
  2288 | D:3      | Noticed Grinder
  2302 | D:3      | Slain by Grinder

Levels and vault maps discovered:
D:1:      minmay_arrival_five_plusses, layout_basic
D:2:      layout_basic
D:3:      layout_loops_ring, lemuel_crystal_altar, kennysheep_generic_room_15,
          uniq_grinder, uniq_jessica

Skill      XL: |  1  2  3  4 |
---------------+-------------+-----
Short Blades   | 2 3 |  3.2
Stealth        | 5 |  5.5
Hexes          | 5 |  5.3
Dodging        | |  2.1
Spellcasting   | |  2.6

Action                   |  1- 3 |  4- 6 || total
-------------------------+-------+-------++-------
Melee: Dagger            |   133 |    48 ||   181
       Bite              |     4 |     3 ||     7
 Cast: Corona            |     8 |     1 ||     9
       Confusing Touch   |       |     1 ||     1
       Ensorcelled Hiber |       |     1 ||     1
  Use: Scroll            |     5 |     2 ||     7
 Stab: Sleeping          |     9 |     4 ||    13
Armor: Robe              |    43 |     5 ||    48
Dodge: Dodged            |   112 |    17 ||   129
       Deflected         |       |     1 ||     1

Table legend:
 A = Non-vault XP
 B = Vault XP
 C = Vault XP percentage of total XP
 D = Non-vault monster count
 E = Vault monster count
 F = Vault count percentage of total count
                 A         B        C        D         E       F
            +---------+---------+-------+---------+---------+-------
      Total |     169 |       0 |   0.0 |      55 |       0 |   0.0
            +---------+---------+-------+---------+---------+-------
        D:1 |      39 |       0 |   0.0 |      22 |       0 |   0.0
        D:2 |     111 |       0 |   0.0 |      28 |       0 |   0.0
        D:3 |      19 |       0 |   0.0 |       5 |       0 |   0.0
            +---------+---------+-------+---------+---------+-------
